[Event "European Women-ch 2023"]
[Site "Petrovac"]
[Date "2023.03.20"]
[Round "3.12"]
[White "Mammadzada, Gunay"]
[Black "Unuk, Laura"]
[Result "1-0"]
[ECO "C74"]
[WhiteElo "2472"]
[BlackElo "2297"]
[Annotator "TA"]
[PlyCount "93"]
[EventDate "2023.03.15"]
[EventType "swiss"]
[EventCountry "MNE"]
[SourceTitle "playchess.com"]
[Source "ChessBase"]
[SourceQuality "1"]
[TimeControl "40/5400+30:1800+30"]

1. e4 e5 2. Nf3 Nc6 3. Bb5 a6 4. Ba4 d6 5. c3 f5 6. exf5 Bxf5 7. d4 $1 {[%emt 0:11:42][%mdl 4] outshines the older 7.0-0.} e4 $1 8. Bg5 {[%emt 0:04:26] C74: Ruy Lopez: Deferred Steinitz: 5 c3 f5.} (8. Ng5 $142 Be7 9. c4) 8... Be7 $1 $11 9. Nh4 Be6 10. Bxe7 {[%emt 0:04:15] Black is slightly better.} Qxe7 11. d5 {[%emt 0:02:59][%mdl 64] g3 would be deadly. Pin, Double Attack} Qxh4 12. dxc6 {[%emt 0:01:24] [#]} ({Of course not} 12. Bxc6+ bxc6 13. dxe6 Nf6 $17) 12... b5 $146 ({Predecessor:} 12... b6 13. Bb3 Bxb3 14. Qxb3 Nf6 15. O-O d5 16. c4 O-O 17. cxd5 Kh8 18. d6 cxd6 {½-½ Volokitin,A (2660)-Miton,K (2646) RUS-chT 13th 2006 (4)}) 13. Bb3 Qe7 14. O-O Nf6 15. f3 (15. Na3 $11) 15... Bxb3 (15... exf3 $5 16. Qxf3 O-O $15) 16. Qxb3 (16. axb3 $15 O-O 17. Nd2) 16... d5 ({Black should play} 16... exf3 $17 {Threatens to win with ...Qe3+.} 17. gxf3 d5) 17. Nd2 $1 e3 (17... Qc5+ {simplifies} 18. Kh1 Qxc6 19. fxe4 dxe4 20. a4 O-O-O) 18. Rfe1 O-O-O $132 {[%emt 0:05:21][%mdl 2048] Black puts up resistance} 19. Nf1 $1 e2 20. Ng3 Qc5+ 21. Kh1 Qxc6 22. Nxe2 {[%emt 0:03:38] Black should prevent Nd4.} Rhe8 $1 23. a4 Qc4 24. Qc2 Kb7 (24... b4 $11) 25. Qd2 (25. axb5 $16 axb5 26. b3) 25... bxa4 $15 26. h3 h6 27. Qd1 Qb3 28. Qd2 Qc4 29. Nd4 Rxe1+ (29... Nd7 $11 {keeps the balance.}) 30. Qxe1 $16 Re8 31. Qd1 a3 32. Rxa3 Nh5 (32... Re5 $16 {might work better.} 33. Ra1 Nd7) 33. Ra4 Ng3+ 34. Kg1 $1 Qc5 {[%emt 0:00:28] [#]} 35. Qb3+ $1 ({Don't play} 35. Kh2 $6 Qd6 $11) 35... Kc8 $2 {[%emt 0:00:27][%mdl 8192] A mistake that costs the game.} (35... Ka7 $16) 36. Rxa6 $18 Ne2+ $2 (36... Qc4 37. Qa3 Kd7) 37. Kh2 {[%emt 0:00:32] Intending Qa4 and mate. White is clearly winning.} Nxd4 38. cxd4 Qc4 39. Qxc4 dxc4 {[%emt 0:00:04][%mdl 4096] Endgame [#] KR-KR} 40. Ra8+ $1 Kd7 41. Rxe8 Kxe8 {[%emt 0:00:08] KP-KP} 42. Kg3 Ke7 43. Kf4 Ke6 44. Ke4 c6 45. f4 Kf6 46. f5 Kg5 47. Ke5 {[%emt 0:00:16] Weighted Error Value: White=0.14 (very precise) /Black=0.28 (precise)} 1-0

[Event "European Women-ch 2023"]
[Site "Petrovac"]
[Date "2023.03.20"]
[Round "3.12"]
[White "Zherebtsova, Alexandra"]
[Black "Zawadzka, Jolanta"]
[Result "0-1"]
[ECO "A39"]
[WhiteElo "2155"]
[BlackElo "2391"]
[Annotator "TA"]
[PlyCount "140"]
[EventDate "2023.03.15"]
[EventType "swiss"]
[EventCountry "MNE"]
[SourceTitle "playchess.com"]
[Source "ChessBase"]
[SourceQuality "1"]
[TimeControl "40/5400+30:1800+30"]

1. c4 {[%emt 0:01:35] Kertesz,Alfred} c5 2. Nf3 Nc6 3. Nc3 Nf6 4. g3 g6 5. Bg2 Bg7 6. O-O O-O 7. d4 cxd4 8. Nxd4 Nxd4 9. Qxd4 d6 10. Qh4 Qb6 11. Rb1 {[%emt 0:08:27] A39: Symmetrical English vs ...g6: 4 Bg2 Bg7 5 Nf3 Nf6 6 0-0 0-0 7 d4.} Be6 (11... Bf5 $5 ) 12. Be3 {[%emt 0:23:29] [#]} Qa6 $146 ({Predecessor:} 12... Qb4 13. Rfc1 Qxc4 14. Qxc4 Bxc4 15. Bxb7 Rab8 16. Bf3 a6 17. b3 Be6 18. b4 Bc4 {½-½ Kertesz,A-Corodan,M ROM-ch Semifinal 1982 (2)}) 13. Nb5 {[%emt 0:08:44] The position is equal.} Rfc8 {[%emt 0:01:57] Repels Nc7} (13... Qxa2 $11 14. Nc7 Rab8) 14. b3 $1 $14 Bd7 (14... h5 $14) 15. a4 $1 $16 Bc6 (15... d5 $16 {might work better.}) 16. Bh3 $1 $18 b6 17. Bxc8 Qxc8 18. Bh6 Bh8 19. f3 {[%emt 0:00:38] Dodges Ng4} Bb7 20. Rbd1 a6 21. Nd4 e5 (21... Qc5 $16 22. Kg2 Re8) 22. Nc2 d5 23. Ne3 (23. Rd2 $18) 23... d4 $16 24. Bg5 Qe6 25. Nc2 Nd7 (25... h5 $1 $14) 26. e3 $1 f6 (26... Qf5 $16 {was worth a try.} 27. e4 Qe6) 27. Bh6 $18 g5 28. Qg4 Qxg4 29. fxg4 Be4 30. Nb4 ({Better is} 30. Ne1 $16) 30... a5 $14 31. Nd5 Bc2 32. Rc1 (32. Rd2 $14 d3 33. h4) 32... d3 $11 33. h4 Nc5 (33... gxh4 $5 34. Rxc2 (34. gxh4 Kf7 $11) 34... dxc2 $11) 34. hxg5 (34. Nxf6+ $2 Bxf6 35. Rxf6 d2 $19) (34. Nxb6 Rb8 35. Nd5 Nxb3 $15) 34... Nxb3 35. gxf6 (35. Nxf6+ Bxf6 36. gxf6 Kf7 $17) (35. Nxb6 Ra6 36. gxf6 Kf7 $15) 35... Kf7 {[%emt 0:00:19] [#]} 36. e4 $1 Rg8 $1 {[%emt 0:01:23][%cal Ba8g8,Bg8g4,Bg4g6][%mdl 32] [#]} 37. Ne3 $2 Nxc1 $17 (37... Bxf6 $2 38. Nxc2 (38. Nd5 Rg6 $17) 38... Nxc1 39. Bxc1 $18) 38. Nxc2 Ne2+ (38... dxc2 $6 39. Rxc1 Bxf6 40. Rxc2 $11) 39. Kf2 Rxg4 {[%emt 0:01:18] Black is more active.} (39... Nc3 $5 40. Ne1 Nxe4+ 41. Ke3 d2 $17) 40. Ne3 $2 (40. Ne1 $1 $15) 40... Rg6 (40... Rxg3 41. Nf5 Rg6 42. Ke3 Bxf6 43. Kxd3 $17) 41. Nf5 {[%emt 0:06:19] [#]} Nxg3 $1 {[%emt 0:03:50][%mdl 576] Deflection} 42. Nxg3 Rxh6 $19 {[%emt 0:00:06][%mdl 4096] Endgame KRB-KRN} 43. Rd1 (43. Kg2 {is a better defense.}) 43... Bxf6 (43... Rxf6+ 44. Nf5 $17) 44. Kg2 Bg5 ({Black should play} 44... Be7 $19 {White must now prevent ...Rc6.} 45. Rxd3 Bc5) 45. Nf5 Rc6 46. Rxd3 Kf6 (46... Rxc4 $2 47. Nd6+ Ke6 48. Nxc4 $18) 47. Kf3 h5 $1 48. Rb3 Bd2 (48... Rxc4 $2 49. Rxb6+ $18) 49. Rb2 Bc3 (49... Bf4 $19 {is more deadly.} 50. Rc2 Rc7) 50. Rc2 ({White should try} 50. Rh2) 50... Bd4 $17 ({Resist} 50... Rxc4 51. Ne3 Rxa4 52. Rxc3 $11) 51. Nxd4 exd4 {[%emt 0:00:04] KR-KR} 52. Kf4 Ke7 53. Rb2 $2 (53. Rh2 {only move.}) 53... Rf6+ $19 ({And not} 53... Rxc4 54. Rxb6 Rxa4 55. Rb7+ Kd6 56. Rh7 $17) 54. Ke5 (54. Kg3 $142 d3 55. e5 h4+ {[%mdl 64] Decoy} 56. Kxh4 Rf4+ 57. Kg3) 54... d3 $2 (54... Rd6 $19 {and Black stays clearly on top. Hoping for ...d3.} 55. Rd2 d3) 55. c5 $17 Re6+ ({Much worse is} 55... bxc5 $6 56. Rb7+ Kd8 57. Kxf6 $11) 56. Kd4 bxc5+ 57. Kxd3 Kd6 (57... h4 $17 {Threatens to win with ...Rd6+.} 58. Rb7+ Kf6) 58. Rb6+ Ke5 59. Rb5 Rc6 60. Ke3 (60. Kc4 $11) 60... h4 {[%emt 0:00:15] Strongly threatening ...h3.} 61. Rxa5 $2 (61. Rb8 $17) 61... h3 $19 {[%emt 0:01:08] ( -> ...h2)} 62. Rb5 h2 {[%emt 0:00:34] Black mates.} 63. Rb1 Rh6 64. Rh1 Rh3+ 65. Kf2 c4 66. Kg2 Rh7 67. a5 c3 68. a6 c2 69. Kf3 {[%emt 0:00:38] [#]} c1=Q $1 {[%emt 0:00:19][%mdl 576] Decoy, Promotion} 70. Rxc1 h1=Q+ {[%emt 0:00:06] What a bad dream for White.   Weighted Error Value: White=0.40/Black=0.31} 0-1

[Event "European Women-ch 2023"]
[Site "Petrovac"]
[Date "2023.03.20"]
[Round "3.12"]
[White "Bakalarz, Grazyna"]
[Black "Hrescak, Ivana"]
[Result "1/2-1/2"]
[ECO "B22"]
[WhiteElo "1847"]
[BlackElo "2127"]
[Annotator "TA"]
[PlyCount "99"]
[EventDate "2023.03.15"]
[EventType "swiss"]
[EventCountry "MNE"]
[SourceTitle "playchess.com"]
[Source "ChessBase"]
[SourceQuality "1"]
[TimeControl "40/5400+30:1800+30"]

1. e4 c5 2. c3 d5 3. exd5 Qxd5 4. d4 Nf6 5. Na3 a6 6. Nf3 Bg4 7. dxc5 Qxc5 8. h3 {[%emt 0:01:17] B22: Sicilian: 2 c3.} Bxf3 (8... Bf5 $11) 9. Qxf3 $14 Nc6 10. Be3 {[%emt 0:00:30] White is better.} Qd5 {[%emt 0:00:30] [#]} 11. Qxd5 $146 (11. Be2 $14) ({Predecessor:} 11. Be2 Ne5 12. Qf4 Nd3+ 13. Bxd3 Qxd3 14. Rd1 Qe4 15. O-O e6 16. Nc4 Qxf4 17. Bxf4 {½-½ Stevanic,D (2261)-Markocic,T (2034) Nova Gorica op-A 26th 2022 (3)}) 11... Nxd5 $11 12. Bg5 e6 13. Nc4 Be7 14. Bd2 Rd8 15. Be2 b5 16. Ne3 Nf4 17. g3 Nxe2 18. Kxe2 Ne5 19. Rhd1 Bc5 20. a4 Ke7 21. axb5 axb5 22. f4 Nc6 23. Ra6 (23. b4 $5 Bxe3 24. Bxe3 $14) 23... Rd6 24. b4 ({White should play} 24. Rda1 $11) 24... Bxe3 $15 25. Bxe3 {[%emt 0:00:04] [#]} (25. Kxe3 $15 Rhd8 26. g4) 25... Nd4+ $1 $17 {[%emt 0:01:18][%mdl 576] Discovered Attack} 26. Bxd4 Rxa6 {[%emt 0:00:04][%mdl 4096] Endgame KRR-KRB} 27. Bc5+ Kf6 (27... Ke8 $19 28. f5 f6 29. fxe6 Rxe6+ 30. Kf3 Kf7 31. Rd7+ Kg6) 28. Rd7 Ra2+ 29. Kd3 (29. Kf3 $17) 29... Rg2 30. Bd4+ (30. g4 $142) 30... Kg6 $19 31. g4 f6 ({Don't go for} 31... Rg3+ $2 32. Ke4 $19) 32. Ke4 Rg3 (32... Re2+ $19 33. Be3 Re1) 33. f5+ $17 exf5+ 34. gxf5+ Kh5 35. Kf4 Rg5 (35... Rg2 $17 {Hoping for ...h6.} 36. Rb7 Re8 37. Rxb5 Kh4) 36. Rb7 $15 Kh4 (36... Re8 $1 $17 37. Bxf6 (37. Rxb5 Kh4 $17) 37... Rg1) 37. Rxg7 $1 $11 {[%emt 0:00:58][%mdl 64] Remove Defender, Decoy} Rxg7 38. Bxf6+ Kh5 39. Bxg7 {[%emt 0:00:09] KR-KB} Rc8 40. h4 $2 Re8 $2 (40... Kxh4 $19 {...Kh5 would be deadly.} 41. Bd4 Kh5) 41. Be5 Rc8 42. f6 (42. Bg7 $11 {remains equal.}) 42... Kg6 $1 $17 {[%emt 0:02:04][%mdl 1024] Black has strong compensation.} 43. Ke4 {[%emt 0:02:57] [#]} Rd8 44. Bd4 Kf7 45. Ke5 {[%emt 0:03:23] [#]} Rd7 $1 46. Kf5 Rd5+ 47. Be5 Rd7 48. Bd4 Rd5+ 49. Be5 $1 Rd7 ({Black should try} 49... h5 $17 50. Ke4 Ke6) 50. Bd4 {[%emt 0:01:26] Weighted Error Value: White=0.25 (precise) /Black=0.33} 1/2-1/2

[Event "European Women-ch 2023"]
[Site "Petrovac"]
[Date "2023.03.20"]
[Round "3.13"]
[White "Osmak, Yuliia"]
[Black "Ovod, Evgenija"]
[Result "1-0"]
[ECO "D31"]
[WhiteElo "2445"]
[BlackElo "2305"]
[Annotator "TA"]
[PlyCount "131"]
[EventDate "2023.03.15"]
[EventType "swiss"]
[EventCountry "MNE"]
[SourceTitle "playchess.com"]
[Source "ChessBase"]
[SourceQuality "1"]
[TimeControl "40/5400+30:1800+30"]

1. d4 d5 2. c4 e6 3. Nc3 Be7 4. cxd5 exd5 5. Bf4 c6 6. e3 Bf5 7. Nge2 Nd7 8. Ng3 Bg6 9. Be2 {[%emt 0:00:22] D31: Queen's Gambit Declined: Semi-Slav without ...Nf6 (+ Marshall Gambit and Noteboom) and Exchange Variation lines without ...Nf6.} Qb6 10. Qd2 Ngf6 11. h4 {[%emt 0:04:13] The position is equal.} h5 12. Rc1 O-O 13. O-O {[%emt 0:02:43] [#]} Nh7 $146 (13... a5 $11 {remains equal.}) ({Predecessor:} 13... Rfe8 14. Rfd1 Nf8 15. Na4 Qd8 16. Nc5 Qc8 17. Nd3 a5 18. Bf3 Ne4 19. Bxe4 dxe4 {0-1 Gunkel,W (2114)-Zejewski,P (2182) GER Cup17 final email 2011}) 14. Nxh5 $16 Bxh4 15. Bd6 {[%emt 0:01:05] Inhibits Qb4.} (15. g3 $5 Be7 16. Kg2 $14) 15... Rfe8 ({Black should try} 15... Bxh5 $1 $14 16. Bxf8 (16. Bxh5 Rfe8 $14) 16... Bxe2) 16. Nf4 Bf5 17. g4 Be6 (17... Bg6 $14) 18. Ng2 (18. Nxe6 $1 $16 fxe6 19. f4) 18... Be7 19. Bxe7 (19. Bg3 $16) 19... Rxe7 $11 20. f4 {[%emt 0:01:10][%cal Bf2f4,Bf4f5][%mdl 32] Strongly threatening f5.} f6 (20... Ndf8 $11) 21. Kf2 $1 $16 g5 22. Rh1 Rg7 23. f5 Bf7 24. Ne1 {[%emt 0:00:27] White is more active.} Nhf8 25. Nd3 Rh7 26. Bf3 Kg7 27. Kg2 ({Better is} 27. Qe1) 27... Re8 28. b4 Qd8 29. Rxh7+ Nxh7 30. Nc5 Nxc5 31. bxc5 Nf8 {[%emt 0:00:43] White stays focused until the end.} (31... Qe7 $14) 32. e4 $1 Nd7 (32... dxe4 $16 33. Nxe4 Re7) 33. exd5 $18 cxd5 {[%emt 0:00:04] [#]} (33... Bxd5 $142 34. Nxd5 cxd5) 34. Nb5 $1 (34. Nxd5 Rh8 $16) (34. Bxd5 Bxd5+ 35. Nxd5 Nb6 $11) 34... Rh8 35. Nd6 (35. Nxa7 $2 Qb8 36. Kg1 Rh3 $19) 35... Qc7 36. Rh1 Rxh1 37. Kxh1 Nb8 38. Qg2 Qe7 (38... Nc6 {is a better defense.}) 39. Nxf7 (39. Bxd5 Qe1+ 40. Kh2 Qh4+ 41. Kg1 Qe1+ 42. Kh2 Qh4+ 43. Kg1 Qe1+ 44. Kh2 $11) 39... Qe1+ $2 (39... Kxf7 {was worth a try.} 40. Bxd5+ Kf8 41. Bxb7 Qe1+ 42. Kh2 Nd7) 40. Kh2 $2 (40. Qg1 $18 {and the rest is easy.} Qc3 41. Qd1 (41. Bxd5 Qh3+ 42. Qh2 Qf1+ 43. Qg1 Qh3+ 44. Qh2 Qf1+ 45. Qg1 Qh3+ $11) 41... Kxf7 42. Bxd5+ Kf8 43. Bxb7) 40... Qh4+ (40... Kxf7 $16 41. Bxd5+ Ke7) 41. Qh3 Qf2+ 42. Bg2 {[%emt 0:01:58] Black must now prevent Nd8.} Nc6 {[%emt 0:13:44] Dodges Nd8} 43. Qg3 Qxd4 44. Qc7 $1 Kf8 45. Nd8 ({Not} 45. Qxb7 Qf4+ 46. Kh1 Qc1+ 47. Kh2 Qf4+ 48. Kh3 Qe3+ 49. Kh2 Qf4+ $11) 45... Nxd8 46. Qxd8+ Kg7 47. Qxd5 (47. Qc7+ $142 Kf8 48. Qc8+ (48. Qxb7 Qe5+ 49. Kh3 Qe3+ 50. Kh2 Qe5+ 51. Kh1 Qe1+ 52. Kh2 Qe5+ $11) 48... Ke7 49. Qxb7+ Kf8 50. Qc8+ Ke7 51. Qc7+ Ke8 52. c6 (52. Qxa7 Qe5+ 53. Kh1 Qa1+ 54. Kh2 Qe5+ 55. Kh3 Qe3+ 56. Kh2 Qe5+ $11)) 47... Qf4+ 48. Kh3 Qf2 49. Kh2 $2 ({White should play} 49. Qxb7+ $18 Kh6 50. Be4 (50. Qxa7 $2 Qh4#)) 49... Qh4+ $2 (49... Qf4+ $11 50. Kg1 Qe3+ 51. Kf1 Kf8) 50. Kg1 Qe1+ {[%emt 0:00:08] [#]} 51. Bf1 $1 Qe3+ 52. Kg2 Kh6 53. Qe6 Qd4 54. Be2 {[%emt 0:00:14] White threatens Qf7 and mate.} Qb2 55. Qe8 Kg7 56. Kf3 Qa3+ 57. Qe3 Qxa2 58. Qe7+ Kg8 59. Qe6+ Qxe6 60. fxe6 {[%emt 0:00:02] Threatening mate with Ke4. KB-KP} Kf8 61. Ke4 {[%emt 0:00:10] White mates.} Ke7 62. Kf5 a6 63. Bf3 a5 64. Bxb7 a4 65. Bd5 a3 66. Ba2 {[%emt 0:00:03] Weighted Error Value: White=0.26 (precise) /Black=0.49} 1-0

[Event "European Women-ch 2023"]
[Site "Petrovac"]
[Date "2023.03.20"]
[Round "3.13"]
[White "Spalir, Monika"]
[Black "Golsta, Ramona"]
[Result "0-1"]
[ECO "B33"]
[WhiteElo "2125"]
[BlackElo "1760"]
[Annotator "TA"]
[PlyCount "116"]
[EventDate "2023.03.15"]
[EventType "swiss"]
[EventCountry "MNE"]
[SourceTitle "playchess.com"]
[Source "ChessBase"]
[SourceQuality "1"]
[TimeControl "40/5400+30:1800+30"]

1. e4 c5 2. Nf3 Nc6 3. d4 cxd4 4. Nxd4 Nf6 5. Nc3 e5 6. Ndb5 d6 7. Bg5 a6 8. Na3 b5 9. Nd5 Be7 10. Bxf6 Bxf6 11. c4 b4 12. Nc2 Rb8 13. Qd3 {[%emt 0:04:06] B33: Sicilian: Pelikan and Sveshnikov Variations.} Bg5 14. g3 {[%emt 0:03:05] [#]} h5 $146 ({Predecessor:} 14... O-O 15. h4 Bh6 16. Bh3 Bxh3 17. Rxh3 Qd7 18. g4 Bf4 19. Qf3 Qe6 20. b3 a5 21. Nxf4 exf4 22. Qxf4 {1-0 Hechl,F (2017)-Baecker,N (1925) AUT-chT2O 2223 2022 (1.2)}) 15. h4 {[%emt 0:06:12] The position is equal.} Bh6 16. Bg2 O-O 17. O-O Be6 18. Rfd1 a5 19. b3 g6 20. Nde3 Qb6 21. Qf1 (21. Qxd6 $2 Rbd8 22. Nd5 (22. c5 $2 Qb7 $19) 22... Bxd5 $19) 21... Rfd8 22. Bh3 Nd4 23. Nxd4 exd4 24. Nd5 (24. Nc2 $5 ) 24... Bxd5 25. cxd5 (25. exd5 $11 Bg7 26. Qd3) 25... Rb7 $15 26. Rd3 Rc7 27. g4 {[%emt 0:02:07] White is weak on the dark squares} hxg4 {[%emt 0:02:32] Black is more active.} 28. Bxg4 Re8 29. Qg2 Rc2 (29... Kg7 $15) 30. h5 $11 Be3 31. hxg6 Rxf2 (31... Bxf2+ $2 32. Kh1 f5 33. Bxf5 $18) 32. gxf7+ Kxf7 33. Rf1 Rxf1+ 34. Kxf1 Ke7 35. Bf5 {[%emt 0:01:54] Threatening mate with Qg7+.} Kd8 {[%emt 0:01:27] Hoping for ...Qc5.} (35... Qb5 36. Qg7+ Kd8 37. Ke2 $16) 36. Rd1 {[%emt 0:10:16] [#]} ({Much weaker is} 36. Qg7 Qc7 37. Qxc7+ (37. Qf6+ Qe7 $17) 37... Kxc7 $17) (36. Qg6 $1 $11 Qc7 37. Rd1 (37. Qf6+ Qe7 $17)) 36... Qb5+ ({Black should play} 36... Rh8 $1 $17 {...Qb5+ is the strong threat.} 37. Qc2 Qa6+ 38. Kg2 Bf4) 37. Qe2 $15 Qxe2+ (37... Qc5 {keeps more tension.} 38. Qh5 Qc2 39. Qe2 Qc7) 38. Kxe2 {[%emt 0:00:01][%mdl 4096] Endgame KRB-KRB} Rh8 39. Kd3 Rh2 40. Kc4 Rxa2 41. Kb5 Ke7 {[%emt 0:14:06] Black wants to play ...Kf6.} 42. e5 {[%emt 0:00:55] Threatens to win with Kc6.} dxe5 {[%emt 0:01:08] Strongly threatening ...Rf2.} 43. Kc6 {[%emt 0:00:22] aiming for d6+.} Kf6 $1 44. Rf1 {[%emt 0:04:36][%mdl 8192] Black continues to play with concentration.} (44. Be4 $11 Rd2 45. Rf1+ Rf2 46. Re1 (46. Rxf2+ Bxf2 47. d6 Ke6 $11)) 44... Rf2 $19 45. Rxf2 Bxf2 {[%emt 0:00:02] KB-KB} 46. Bh7 {[%emt 0:06:38] [#]} Kg5 $1 {[%emt 0:03:28] ( -> ...Kf4)} 47. d6 Kf4 48. Kd5 Bh4 (48... Ke3 $142 49. Bf5 d3 50. Kc4 e4 51. Bg6 Bg3 52. Bf7 d2 53. Bh5 Bxd6 54. Bd1 Kf2 55. Bh5 Ke1 56. Bg4 d1=Q 57. Bxd1 Kxd1 58. Kd4 Kd2 59. Kxe4 Kc2 60. Kf5 Kxb3 61. Kf6 a4 62. Kg6 Kc4 63. Kh6 a3 64. Kg6 a2 65. Kh6 a1=Q 66. Kg6 Qe5 67. Kh6 Qf5 68. Kg7 Be5+ 69. Kh6 Qg4 70. Kh7 Qg7#) 49. d7 Ke3 {[%emt 0:02:25] Black mates.} 50. Kxe5 d3 51. Bg6 Ke2 52. Kd4 d2 53. Kc4 d1=Q 54. Bh5+ Kd2 55. Kb5 Qxh5+ 56. Ka4 Qf3 57. Kb5 Qd5+ 58. Ka4 Qxd7+ {[%emt 0:00:08] Weighted Error Value: White=0.61/Black=0.19 (very precise)} (58... Qc6+ $142 59. Kxa5 Kc3 60. d8=B Bxd8#) 0-1

[Event "European Women-ch 2023"]
[Site "Petrovac"]
[Date "2023.03.20"]
[Round "3.13"]
[White "Petrova, Irina"]
[Black "Guichard, Pauline"]
[Result "0-1"]
[ECO "C24"]
[WhiteElo "2123"]
[BlackElo "2379"]
[Annotator "TA"]
[PlyCount "148"]
[EventDate "2023.03.15"]
[EventType "swiss"]
[EventCountry "MNE"]
[SourceTitle "playchess.com"]
[Source "ChessBase"]
[SourceQuality "1"]
[TimeControl "40/5400+30:1800+30"]

1. e4 e5 2. Nf3 Nc6 3. Bc4 Nf6 4. d3 d5 5. exd5 Nxd5 6. O-O Be7 7. Re1 f6 $1 {[%emt 0:00:09][%mdl 4] outshines the older 7...Bg4. C24: Bishop's Opening: 2...Nf6.} 8. d4 Nb6 9. Bb5 O-O {[%emt 0:15:59][%cal Rc6d4] The position is equal.} 10. dxe5 Qxd1 11. Rxd1 Nxe5 12. Nxe5 fxe5 13. Nc3 {[%emt 0:00:12] [#]} Bg4 $146 ({Predecessor:} 13... Bf5 14. Bd3 Bxd3 15. Rxd3 Rad8 16. Rxd8 Rxd8 17. Kf1 Nd5 18. Nxd5 Rxd5 19. Be3 a6 {½-½ Martirosyan,H (2666)-Yakubboev,N (2656) Poikovsky Karpov 21st 2022 (4)}) 14. Re1 Bh4 15. Be3 Bf5 16. Na4 Bxc2 17. Nxb6 cxb6 (17... axb6 18. Rec1 Ba4 19. Bxa4 Rxa4 20. b3 $16 (20. Rxc7 Rf7 $16)) 18. Bc4+ Kh8 19. Bd5 Bd3 20. Bxb7 Rab8 21. Bd5 Rfd8 22. Bb3 e4 23. Bf4 Rbc8 24. Be5 Rc5 25. Bc3 Rf5 26. g3 Be7 27. Be6 Rff8 28. b4 {[%emt 0:00:49] Dodges Bc5} Rd6 $36 {[%emt 0:02:12][%mdl 2048] Black is pushing.} 29. Bb3 Rc6 30. Bd2 h6 31. Rac1 Rcf6 32. Rc7 Rxf2 33. Bf4 (33. Be3 $11 {remains equal.} Rf1+ 34. Rxf1 Rxf1+ 35. Kg2) 33... R2xf4 $17 ({Of course not} 33... Bxb4 $6 34. Kxf2 g5 35. Rec1 gxf4 36. R1c6 fxg3+ 37. Kxg3 Be1+ 38. Kh3 Bf1+ 39. Kg4 Be2+ 40. Kh3 Bf1+ 41. Kg4 Be2+ 42. Kh3 Bf1+ $11) 34. gxf4 Bxb4 35. Rec1 Bc5+ {[%emt 0:00:43] This pair of bishops is nice.} 36. Kg2 Rxf4 37. Bc4 (37. Rf7 $17 Rxf7 38. Bxf7) 37... Rf2+ 38. Kg3 Rf3+ (38... Bxc4 $19 39. Rxc4 e3 40. R4xc5 bxc5) 39. Kg4 $15 Rf2 (39... a5 $15 40. Bxd3 Rxd3) 40. Rxa7 (40. Kg3 $1 $11) 40... Rxh2 $17 {[%emt 0:00:00] Black is much more active.} 41. a4 Kh7 42. Ra8 (42. Bxd3 $17 {was called for.} h5+ 43. Kf4 exd3 44. Rd1) 42... Kg6 (42... Bd6 $19 {Hoping for ...Kg6.} 43. Bxd3 h5+ 44. Kf5 exd3) 43. Rd8 Rd2 $2 (43... Bxc4 $1 $19 44. Rxc4 e3) 44. Bxd3 $15 exd3 {[%emt 0:00:06][%cal Be4d3,Bd3d2][%mdl 4128] Endgame KRR-KRB} 45. a5 Rc2 46. Ra1 {[%emt 0:00:54] Black must now prevent a6.} bxa5 {[%emt 0:03:05] Threatens to win with ...d2.} 47. Rxa5 $2 {[%emt 0:01:01] [#] This costs White the game.} (47. Rxd3 $15 Bb4 48. Rg1) 47... d2 $1 $19 {[%emt 0:01:18][%cal Oc5d4] Strongly threatening ...Bd4!} 48. Kf3 Kh7 49. Ra4 $2 (49. Rb5 Be7 50. Rd7) 49... Rc3+ 50. Ke2 Be3 51. Re4 Bg5 52. Rd7 (52. Rd5 $142 Rc1 53. Red4) 52... Rc1 53. Red4 Re1+ 54. Kf3 Rf1+ 55. Kg4 Rg1+ 56. Kf3 h5 57. Kf2 Re1 {[%emt 0:00:31] ( -> ...Be3+)} 58. R4d5 {[%emt 0:00:31] [#]} (58. Rd3 $142 Kh6 59. Kg3) 58... Kh6 $2 (58... Be3+ $1 59. Kf3 Kh6 60. R7d6+ g6) 59. Kg2 h4 60. Rd3 $2 (60. Rd4) 60... Kh5 $2 (60... Bf4 61. Kf3 g5) 61. R7d5 $2 (61. Kf3 Re5 62. R7d5 Rxd5 63. Rxd5) 61... Kg4 {[%emt 0:01:01] ...Bf4 would be deadly.} 62. R5d4+ Bf4 63. Kf2 h3 {[%emt 0:00:55] Black mates.} 64. Rg3+ Kf5 65. Rf3 g5 (65... d1=B $2 66. Rfxf4+ Ke5 67. Kxe1 $18) 66. Rxd2 h2 67. Rd5+ Ke4 68. Rfd3 Be5 ({Much less strong is} 68... h1=R 69. R3d4#) 69. Rd8 Rf1+ {[%emt 0:00:25][%mdl 64] Decoy, Promotion} 70. Kxf1 h1=Q+ ({Not} 70... h1=R+ 71. Kg2 Rh2+ 72. Kg1 $11) 71. Ke2 Qg2+ 72. Ke1 g4 73. Kd1 Qf1+ 74. Kc2 g3 {[%emt 0:00:24] Weighted Error Value: White=0.50/Black=0.34} 0-1